Unix NetHack Version 5.0.0-0 post-release - last build May 23 2026 06:08:33 (1c0ff79ee797540d5714e4e18072db0edd9e58ae,branch:main).

Game began 2026-05-27 07:13:59, ended 2026-05-27 07:24:44.

Atomicjoy, chaotic male elven Wizard

                    .--..----
                   --.......--
                  -..........-
                  ....-  .....|
                  -...---.u..
                   ....|..Y..
                   -....kG:..|
                   |....i..q.---
                   |-f.FiZ......
                   |@.qG.F..i...
                   --.---.-....
                    ---  -.......
                        -......<.
                       ..........
                       ...|..
                         - -

Atomicjoy the Conjurer    St:10 Dx:13 Co:13 In:20 Wi:10 Ch:9  Chaotic
Dlvl:5  $:29 HP:0(29) Pw:8(28) AC:6  Xp:3/64 T:834 

Latest messages:
 The dwarf lord throws a dagger!
 You are almost hit by a dagger.
 You descend the stairs.
 The gnome wields a thonged club!
 The gnome secures the tether on the thonged club.
 The gnome throws a thonged club!
 You are hit by a thonged club.
 The thonged club returns to the gnome's hand!
 You see here a scroll labeled VE FORBRYDERNE.
 H - a scroll labeled VE FORBRYDERNE.
 The gnome lord wields a crossbow!
 A lit field surrounds you!
 The gnome lord shoots 3 crossbow bolts!
 You are hit by the 1st crossbow bolt.
 The 2nd crossbow bolt misses you.
 You are hit by the 3rd crossbow bolt.
 Wizard, your life force is running out.
 In what direction? 6
 The spell hits the gnome lord!
 The spell hits the gnome!
 You kill the gnome!
 The gnome lord reads a scroll of create monster!
 A yellow mold suddenly appears close by!
 A kobold suddenly appears close by!
 A rothe suddenly appears close by!
 A manes suddenly appears close by!
 A manes suddenly appears close by!
 A monkey suddenly appears close by!
 An elf zombie suddenly appears close by!
 A rothe suddenly appears close by!
 A lichen suddenly appears close by!
 An iguana suddenly appears close by!
 A pony suddenly appears close by!
 A kitten suddenly appears close by!
 The elf zombie misses the gnome lord.
 You hear crashing rock.
 What do you want to throw? [$vwyG or ?*] 9
 Count: 9 *
 You only have 3 and can only throw one at a time.
 What do you want to throw? [$vwyG or ?*] ?
 What do you want to throw? [$vwyG or ?*] *
 In what direction? 9
 The kitten seems more amiable.
 Your kitten devours an uncursed food ration.
 The gnome lord shoots 2 crossbow bolts!
 The 1st crossbow bolt misses the rothe.
 You are hit by the 1st crossbow bolt!
 You die...
 Do you want your possessions identified? [ynq] (y) y
 Do you want to see your attributes? [ynq] (y) q

Inventory:
 Coins    ('$')
  $ - 29 gold pieces
 Weapons  (')')
  v - 6 cursed -1 crossbow bolts
  G - a +2 dart
  y - 2 +0 daggers
  w - 2 +0 orcish daggers
  a - a blessed +1 quarterstaff (weapon in hands)
 Armor    ('[')
  x - an uncursed +0 orcish helm (being worn)
  b - an uncursed +0 cloak of magic resistance (being worn)
  C - an uncursed +0 dwarvish cloak
  F - an uncursed +0 dwarvish cloak
 Comestibles  ('%')
  D - 2 uncursed slime molds
  r - 2 uncursed food rations
  A - a cursed tripe ration
  B - an uncursed tin of spinach
  t - 2 uncursed eggs
  q - an uncursed lichen corpse
 Scrolls  ('?')
  j - a blessed scroll of create monster
  i - an uncursed scroll of create monster
  k - an uncursed scroll of earth
  p - an uncursed scroll of enchant armor
  H - an uncursed scroll of stinking cloud
 Spellbooks  ('+')
  l - a blessed spellbook of force bolt
  m - an uncursed spellbook of light
 Potions  ('!')
  g - an uncursed potion of confusion
  u - an uncursed potion of hallucination
  h - 2 uncursed potions of healing
  z - a blessed potion of see invisible
  f - an uncursed potion of sickness
 Rings    ('=')
  e - an uncursed +2 ring of protection (on right hand)
  d - an uncursed ring of protection from shape changers
  s - an uncursed ring of slow digestion
 Wands    ('/')
  c - a wand of digging (0:6)
 Tools    ('(')
  o - an uncursed leather drum
  n - a magic marker (0:20)
 Gems/Stones  ('*')
  E - an uncursed worthless piece of red glass

Atomicjoy the Wizard's attributes:

Background:
 You were a Conjurer, a level 3 male elven Wizard.
 You were chaotic, on a mission for Anhur
 who was opposed by Ptah (lawful) and Thoth (neutral).
 You were right-handed.
 You were in the Gnomish Mines, on level 5.
 You entered the dungeon 834 turns ago.
 You had 64 experience points, 16 more were needed to attain level 4.

Basics:
 You had 0 out of 29 hit points.
 You had 8 out of 28 energy points (spell power).
 Your armor class was 6.
 Your wallet contained 29 zorkmids.
 Autopickup was off.

Final Characteristics:
 Your strength was 10 (limit:18).
 Your dexterity was 13 (limit:18).
 Your constitution was 13 (limit:16).
 Your intelligence was 20 (limit:20).
 Your wisdom was 10 (limit:20).
 Your charisma was 9 (limit:18).

Final Status:
 You weren't hungry.
 You were unencumbered.
 You were wielding a quarterstaff.
 You had basic skill with quarterstaff.

Final Attributes:
 You were fervently aligned.
 You were magic-protected.
 You had infravision.
 You had a small defense bonus (+2).
 You were guarded.
 You are dead.

Miscellaneous:
 You didn't encounter any bones levels.
 Total elapsed playing time was 10 minutes and 43 seconds.

Major events:
 Turn
    1: Atomicjoy the chaotic male elven Wizard entered the dungeon
  319: entered the Gnomish Mines
  659: attained the rank of Conjurer (level 3)
  834: killed by a crossbow bolt

Spells:
 Name                 Level Category     Fail Retention
 force bolt             1   attack         0%  91%-100%
 light                  1   divination     0%  76%-100%

Skills:
 Fighting Skills
   bare handed combat [Unskilled]
   riding             [Unskilled]
 Weapon Skills
   dagger             [Unskilled]
   knife              [Unskilled]
   axe                [Unskilled]
   short sword        [Unskilled]
   club               [Unskilled]
   mace               [Unskilled]
   quarterstaff       [Basic]
   polearms           [Unskilled]
   spear              [Unskilled]
   trident            [Unskilled]
   sling              [Unskilled]
   dart               [Unskilled]
   shuriken           [Unskilled]
 Spellcasting Skills
   attack spells      [Basic]
   healing spells     [Unskilled]
   divination spells  [Unskilled]
   enchantment spells [Basic]
   clerical spells    [Unskilled]
   escape spells      [Unskilled]
   matter spells      [Unskilled]

Voluntary challenges:
 Character rerolling was not enabled.
 You were illiterate.
 You never genocided any monsters.
 You never polymorphed an object.
 You never changed form.
 You used no wishes.
Achievements:
 You entered the Gnomish Mines.
 You attained the rank of Conjurer.

 The Dungeons of Doom: levels 1 to 3
    Level 1:
    Level 2:
       An altar to Anhur.
       Stairs down to The Gnomish Mines.
    Level 3:
 The Gnomish Mines: levels 3 to 5
    Level 3:
    Level 4:
    Level 5: <- You were here.
       Final resting place for
          you, killed by a crossbow bolt.


Vanquished creatures:
  2 gnome leaders
  a gnomish wizard
  4 dwarves
  9 gnomes
  a jackal
  2 foxes
  2 goblins
  a grid bug
  a lichen
  2 newts
25 creatures vanquished.

No species were genocided or became extinct.

Game over:
                       ----------
                      /          \
                     /    REST    \
                    /      IN      \
                   /     PEACE      \
                  /                  \
                  |    Atomicjoy     |
                  |      29 Au       |
                  |   killed by a    |
                  |  crossbow bolt   |
                  |                  |
                  |                  |
                  |       2026       |
                 *|     *  *  *      | *
        _________)/\\_//(\/(/\)/\//\/|_)_______

Goodbye Atomicjoy the Wizard...

You died in The Gnomish Mines on dungeon level 5 with 483 points,
and 29 pieces of gold, after 834 moves.
You were level 3 with a maximum of 29 hit points when you died.

